 Dungeon Crawl Stone Soup version 0.29-a0-362-g5854e031c7 (webtiles) character file.

Game seed: 11398832791828527731

315 spiderkeys the Skirmisher (level 6, -14/66 HPs)
             Began as an Ogre Abyssal Knight on Apr 29, 2022.
             Was a Priest of Lugonu.
             Demolished by an ogre
             ... wielding a +0 giant club
              (23 damage)
             ... on level 4 of the Dungeon.
             The game lasted 00:04:32 (4610 turns).

spiderkeys the Skirmisher (Ogre Abyssal Knight)     Turns: 4610, Time: 00:04:32

Health: -14/66     AC:  3    Str: 18    XL:     6   Next: 44%
Magic:  8/8        EV: 10    Int: 11    God:    Lugonu [***...]
Gold:   107        SH:  0    Dex: 11    Spells: 2/5 levels left

rFire   . . .      SeeInvis .   a - +2 hand axe
rCold   . . .      Faith    .   (no shield)
rNeg    . . .      Spirit   .   b - +0 robe
rPois   +          Reflect  .   (helmet restricted)
rElec   .          Harm     .   (no cloak)
rCorr   .          Rampage  .   (gloves unavailable)
Will    .....                   (boots unavailable)
Stlth   +.........              (no amulet)
HPRegen 0.21/turn               P - ring of poison resistance
MPRegen 0.11/turn               (no ring)

@: no status effects
A: large, unfitting armour, tough skin 1
a: Renounce Religion, Depart the Abyss, Bend Space, Banish


You were on level 4 of the Dungeon.
You worshipped Lugonu.
Lugonu was most pleased with you.
You visited 1 branch of the dungeon, and saw 4 of its levels.
You visited the Abyss 1 time.

You collected 107 gold pieces.


Innate Abilities, Weirdness & Mutations

You are too large for most types of armour.
You have tough skin. (AC +1)


   Skills:
 + Level 5.5 Fighting
 + Level 3.4 Axes
 - Level 2.0 Throwing
 + Level 3.3 Dodging
 + Level 0.0 Spellcasting
 + Level 0.0 Earth Magic
 + Level 3.7 Invocations


You had 2 spell levels left.
You knew the following spells:

 Your Spells              Type           Power      Damage    Failure   Level
s - Stone Arrow           Conj/Erth      0%         3d7       71%         3

Your spell library contained the following spells:

 Spells                   Type           Power      Damage    Failure   Level
 Animate Armour           Summ/Erth      0%         N/A       98%         4
 Lehudib's Crystal Spear  Conj/Erth      0%         10d2      100%        8

Inventory:

Hand Weapons
 a - a +2 hand axe (weapon)
Missiles
 h - 35 stones
 q - 4 curare-tipped darts {=f}
 r - 4 large rocks {=f}
Armour
 b - a +0 robe (worn)
 e - a +0 robe
   (You found it on level 1 of the Dungeon)
 f - a +0 robe
   (You found it on level 1 of the Dungeon)
 x - a +0 robe
   (You took it off an orc wizard on level 3 of the Dungeon)
 y - a +0 robe
   (You found it on level 3 of the Dungeon)
Jewellery
 P - a ring of poison resistance (left hand)
   (You found it on level 2 of the Dungeon)
Scrolls
 i - 2 scrolls of teleportation {unknown}
 j - a scroll of enchant weapon
 k - a scroll of blinking {unknown}
 l - a scroll of noise {unknown}
 n - a scroll of magic mapping {unknown}
 p - a scroll of fog
 t - a scroll of acquirement {unknown}
 w - a scroll of silence {unknown}
Potions
 c - a potion of mutation {unknown}
 d - a potion of might {unknown}
 g - a potion of invisibility {unknown}
 m - 3 potions of brilliance {unknown}
 o - 3 potions of curing {unknown}
 s - a potion of flight {unknown}
 u - a potion of lignification {unknown}
 v - a potion of magic {unknown}

Dungeon Overview and Level Annotations

Branches:
Dungeon (4/15)
 Temple: D:4-7

Altars:

Annotations:
D:3 3 runed translucent doors, Sweeb's ghost, amateur FoFi

##### ... #.#######
#####....#..
#####....#.#.#.###..
#............#......
#.#@#.###......#
#O#.# #...#..#####
#.#.# #...#<......
#.#.# #.#.#..####.
#.......#.....###.
#.#.#.#####.......
#..... #.....###.
#.#.# #......# #.
#.....#.#.#


You could see an ogre.


Message History

You kill the centaur!
Lugonu accepts your kill.
Your Throwing skill increases to level 2!
You start resting. 😎 HP[+58]
Your hp is fully restored (66).
q - 4 curare-tipped darts {=f} (gained 1)
Things that are here:
a +0 shortbow; a centaur skeleton A bat comes into view.
A bat is nearby!
A bat is nearby!
A bat is nearby!
The bat hits you.
The bat hits you but does no damage. x2 😕 HP[-1]
You take 1 damage, and now have 65/66 hp.
You barely miss the bat. The bat barely misses you. The bat closely misses you.
You miss the bat. You punch the bat.
You kill the bat!
Lugonu accepts your kill.
No target in view!
No target in view!
No target in view!
Key pressed, stopping explore.
Key pressed, stopping explore.
Things that are here:
a +0 dagger; a +0 club; a +0 hand axe 😎 HP[+1]
Your hp is fully restored (66).
Could not explore, unopened runed door.
Saving game... please wait.
Level annotation: 3 runed translucent doors, Sweeb's ghost, amateur FoFi 🤖 Initializing magus.rc ...
Options error: Bad monster_list_colour key: strict_neutral (~/.crawlrc:5438) Bad channel name for runrest: 'pray:' ✅ Successfully initialized magus.rc [v1.11.3] Welcome back, spiderkeys the Ogre Abyssal Knight.
Lugonu says: Spread carnage and corruption!
Press ? for a list of commands and other information.
Could not explore, unopened runed door.
There is a stone staircase leading down here.
You climb downwards.
There is a stone staircase leading up here.
o - 3 brown potions (gained 1)
There is a stone staircase leading up here.
An adder comes into view.
An adder is nearby!
An adder is nearby!
The adder bites you. 😕 HP[-1]
You take 1 damage, and now have 65/66 hp.
You hit the adder. The adder closely misses you.
You hit the adder. The adder closely misses you. The adder bites you. 😕 HP[-3]
You take 3 damage, and now have 62/66 hp.
You hit the adder but do no damage. The adder completely misses you.
You hit the adder. The adder bites you. The adder barely misses you. 😕 HP[-1]
You take 1 damage, and now have 61/66 hp.
You slash the adder!
You kill the adder!
Lugonu accepts your kill.
No target in view!
Your library has no spells. 😕 HP[+1]
h - 35 stones (gained 15) 😕 HP[+1]
You now have 107 gold pieces (gained 10). 😕 HP[+1] 😕 HP[+1]
You pick up a book of Armaments and begin reading...
You add the spells Stone Arrow, Animate Armour and Lehudib's Crystal Spear to your library.
This spell is quite dangerous to cast!
Memorise Stone Arrow, consuming 3 spell levels and leaving 2?
You start memorising the spell.
You continue memorising. x3
You finish memorising.
Spell assigned to 's'. 😎 HP[+1]
Your hp is fully restored (66).
An ogre comes into view. It is wielding a +0 giant club.
An ogre is nearby!
An ogre is nearby!
An ogre is nearby!
You hit the ogre.
The ogre hits you with a +0 giant club!!
Ouch! That really hurt!
* * * LOW HITPOINT WARNING * * *
😨 HP[-35]
You take 35 damage, and now have 31/66 hp.
MASSIVE DAMAGE!! (PAUSE)
You hit the ogre.
The ogre hits you with a +0 giant club!!
* * * LOW HITPOINT WARNING * * *
😱 HP[-22]
You take 22 damage, and now have 9/66 hp.
MASSIVE DAMAGE!! (PAUSE)
Press: ? - help, Shift-Dir - straight line, f - ogre
Aim: an ogre, wielding a +0 giant club (moderately wounded, chance to affect: 81%)
You fail to use your ability.
The ogre hits you with a +0 giant club!!
You die...

Skill      XL: |  1  2  3  4  5  6 |
---------------+-------------------+-----
Fighting       | 5 |  5.5
Axes           | 3 |  3.4
Throwing       | 1 2 |  2.0
Dodging        | 3 |  3.3
Invocations    | 3 |  3.7

Action                   |  1- 3 |  4- 6 || total
-------------------------+-------+-------++-------
Melee: Hand axe          |   158 |    77 ||   235
       Punch             |     2 |     1 ||     3
Throw: Large rock        |     1 |     2 ||     3
       Dart              |       |     2 ||     2
  Use: Scroll            |     2 |       ||     2
 Stab: Sleeping          |     4 |     1 ||     5
Armor: Robe              |    37 |    28 ||    65
Dodge: Dodged            |    90 |    61 ||   151

Levels and vault maps discovered:
D:1:      dreamdust_arrival_beginning_and_end, layout_loops_corners,
          basic_ecumenical_altar, hangedman_feature_mirror
D:2:      minmay_wonky_spiral, layout_basic
D:3:      layout_basic, gammafunk_ghost_icy
D:4:      layout_loops_ring, minmay_temple_entry_large_hall

Notes
Turn   | Place    | Note
-------+----------+-------------------------------------------
     0 | Abyss:1  | spiderkeys the Ogre Abyssal Knight began the quest for the
                  | Orb.
     0 | Abyss:1  | Reached XP level 1. HP: 24/24 MP: 2/2
     0 | Abyss:1  | magus.rc [v1.11.3]
   108 | D:1      | You pass through the gate.
   108 | D:1      | Escaped the Abyss
   238 | D:1      | Reached XP level 2. HP: 28/32 MP: 3/3
   998 | D:1      | Reached *** piety under Lugonu
   999 | D:1      | Reached XP level 3. HP: 29/40 MP: 4/4
  1507 | D:1      | Found a faded altar of an unknown god.
  2239 | D:2      | HP: 9/40 [worm (9)]
  2843 | D:3      | Reached XP level 4. HP: 48/49 MP: 6/6
  2868 | D:3      | Noticed an ogre
  2876 | D:3      | HP: 7/49 [ogre/+0 giant club (21)]
  2877 | D:3      | Killed an ogre
  2878 | D:3      | Reached skill level 5 in Fighting
  2878 | D:3      | Reached skill level 3 in Axes
  2878 | D:3      | Reached skill level 1 in Throwing
  2878 | D:3      | Reached skill level 3 in Dodging
  2878 | D:3      | Reached skill level 3 in Invocations
  2878 | D:3      | Reached XP level 5. HP: 6/57 MP: 7/7
  2881 | D:3      | HP: 4/57 [quokka (3)]
  3201 | D:3      | Noticed Sweeb's ghost (amateur FoFi)
  3629 | D:3      | Found a runed translucent gate.
  3629 | D:3      | Found a runed translucent gate.
  3629 | D:3      | Found a runed translucent gate.
  3770 | D:3      | Reached XP level 6. HP: 66/66 MP: 8/8
  4113 | D:3      | HP: 14/66 [centaur (4)]
  4117 | D:3      | Reached skill level 2 in Throwing
  4533 | D:3      | magus.rc [v1.11.3]
  4601 | D:4      | You pick up a book of Armaments and begin reading...
  4601 | D:4      | You add the spells Stone Arrow, Animate Armour and
                  | Lehudib's Crystal Spear to your library.
  4606 | D:4      | Learned a level 3 spell: Stone Arrow
  4609 | D:4      | HP: 9/66 [ogre/+0 giant club (23)]
  4610 | D:4      | Demolished by an ogre

Vanquished Creatures
  An ogre (D:3)
  A centaur (D:3)
  An orc priest (D:3)
  An orc wizard (D:3)
  2 adders
  A worm (D:2)
  2 dart slugs
  An orc (D:3)
  13 bats
  2 endoplasms (D:1)
  7 giant cockroaches
  10 goblins
  6 hobgoblins
  5 jackals
  4 quokkas
  3 ball pythons
  2 frilled lizards (D:1)
  A kobold (D:2)
  5 rats
68 creatures vanquished.

Table legend:
 A = Non-vault XP
 B = Vault XP
 C = Vault XP percentage of total XP
 D = Non-vault monster count
 E = Vault monster count
 F = Vault count percentage of total count
                 A         B        C        D         E       F
            +---------+---------+-------+---------+---------+-------
      Total |     441 |      10 |   2.2 |      62 |       6 |   8.8
            +---------+---------+-------+---------+---------+-------
        D:1 |      41 |       3 |   6.8 |      22 |       2 |   8.3
        D:2 |      29 |       7 |  19.4 |      15 |       4 |  21.1
        D:3 |     357 |       0 |   0.0 |      24 |       0 |   0.0
        D:4 |      14 |       0 |   0.0 |       1 |       0 |   0.0
            +---------+---------+-------+---------+---------+-------

Illustrated notes

Table legend:
 A = Kills in this place as a percentage of kills in entire the game.
 B = Kills by you in this place as a percentage of kills by you in the entire game.
 C = Kills by friends in this place as a percentage of kills by friends in the entire game.
 D = Other kills in this place as a percentage of other kills in the entire game.
 E = Experience gained in this place as a percentage of experience gained in the entire game.
 F = Experience gained in this place divided by the number of levels of this place that you have seen.
                   A       B       C       D       E      F
               +-------+-------+-------+-------+-------+----------------------
         Total | 100.0 | 100.0 |   N/A |   N/A | 100.0 |  90.2
       Dungeon | 100.0 | 100.0 |   N/A |   N/A | 100.0 | 112.8
               +-------+-------+-------+-------+-------+----------------------

Table legend: (Time is in decaauts)
 A = Elapsed time spent in this place.
 B = Non-inter-level travel time spent in this place.
 C = Inter-level travel time spent in this place.
 D = Time resting spent in this place.
 E = Time spent auto-exploring this place.
 F = Levels seen in this place.
 G = Mean time per level.
                   A        B        C        D        E       F      G
               +--------+--------+--------+--------+--------+-----+--------+
         Total |   4657 |   4610 |     47 |    725 |   3272 |   5 |  931.4 |
       Dungeon |   4547 |   4500 |     47 |    725 |   3170 |   4 | 1136.8 |
         Abyss |    109 |    109 |      0 |      0 |    101 |   1 |  109.0 |
               +--------+--------+--------+--------+--------+-----+--------+

Top non-repeatable levels by time:
     D:3: 1746 daAuts
     D:1: 1510 daAuts
     D:2: 1249 daAuts
 Abyss:1: 109 daAuts
     D:4: 40 daAuts
